 Dungeon Crawl Stone Soup version 0.20-a0-464-g526fb3c (webtiles) character file.

16050 Zwobot the Nimble (level 12, -4/97 HPs)
             Began as a Merfolk Venom Mage on Jan 11, 2017.
             Was a High Priest of Vehumet.
             Blown up by a wight (19 damage)
             ... with a wand of disintegration (?/24)
             ... on level 13 of the Dungeon.
             The game lasted 01:06:43 (14514 turns).

Zwobot the Nimble (Merfolk Venom Mage)             Turns: 14514, Time: 01:06:44

Health: -4/97      AC:  7    Str:  8    XL:     12   Next: 33%
Magic:  14/23      EV: 18    Int: 24    God:    Vehumet [*****.]
Gold:   695        SH:  0    Dex: 14    Spells: 11/25 levels left

rFire  . . .     SeeInvis .     a - +2 dagger (elec)
rCold  . . .     Gourm    .     y - +1 robe
rNeg   . . .     Faith    .     (no shield)
rPois  .         Spirit   .     (no helmet)
rElec  .         Reflect  .     d - +0 cloak
rCorr  .         Harm     .     (no gloves)
MR     .....                    (no boots)
Stlth  ++........               s - amulet of magic regeneration
                                m - +4 ring of intelligence
                                h - +3 ring of protection

@: exhausted, slowed, drained, very slow
A: change form in water, swift swim, stealthy swim
a: Renounce Religion


You were on level 13 of the Dungeon.
You worshipped Vehumet.
Vehumet was extremely pleased with you.
You were hungry.

You visited 1 branch of the dungeon, and saw 13 of its levels.
You also visited: Ossuary.

You collected 695 gold pieces.

Inventory:

Hand Weapons
 a - a +2 dagger of electrocution (weapon)
 v - a +3 spear of freezing
 T - a +2 halberd of freezing
Missiles
 e - a throwing net (quivered)
 t - 6 tomahawks of dispersal
 C - 8 javelins of penetration
Armour
 d - a +0 cloak (worn)
 y - a +1 robe (worn)
Jewellery
 h - a +3 ring of protection (left hand)
 m - a +4 ring of intelligence (right hand)
 n - an uncursed amulet of harm {unknown}
 s - an amulet of magic regeneration (around neck)
 z - a +2 ring of evasion
 F - an uncursed ring of wizardry
Wands
 u - a wand of confusion (25/48)
 x - a wand of iceblast (1/15)
 B - a wand of confusion (16/48)
 D - a wand of acid (6/15)
 E - a wand of acid (4/15)
 K - a wand of disintegration (2/24)
 L - a wand of lightning (8/15)
 M - a wand of flame (25/48)
 N - a wand of digging (18/24)
 P - a wand of paralysis (7/24)
 Y - a wand of acid (11/15)
Scrolls
 g - a scroll of blinking
 j - 2 scrolls of magic mapping
 k - 3 scrolls of enchant armour
 o - a scroll of immolation
 p - 2 scrolls of amnesia
 r - a scroll of remove curse
 w - a scroll of teleportation {unknown}
 A - a scroll of vulnerability {unknown}
 I - a scroll of fog
 R - a scroll of noise {unknown}
 S - 3 scrolls of random uselessness {unknown}
Potions
 i - 4 potions of haste
 G - 3 potions of curing
 H - 2 potions of might
 O - 2 potions of heal wounds
 U - 3 potions of invisibility
 W - a potion of magic
 Z - 2 potions of agility
Books
 b - a Young Poisoner's Handbook

   Spells                             Type                      Level
   a - Sting                          Conjuration/Poison           1
   b - Poisonous Vapours              Poison/Air                   2
   c - Mephitic Cloud                 Conjuration/Poison/Air       3
   d - Olgreb's Toxic Radiance        Poison                       4
   e - Venom Bolt                     Conjuration/Poison           5
 J - a book of Conjurations

   Spells                             Type                      Level
   a - Magic Dart                     Conjuration                  1
   b - Searing Ray                    Conjuration                  2
   c - Dazzling Spray                 Conjuration/Hexes            3
   d - Fulminant Prism                Conjuration/Hexes            4
   e - Iskenderun's Mystic Blast      Conjuration                  4
   f - Iskenderun's Battlesphere      Conjuration/Charms           5
Comestibles
 c - 6 bread rations
 f - 7 meat rations
 l - 9 royal jellies
 q - 3 fruits
 Q - 3 chunks of flesh
 V - a slice of pizza


   Skills:
 + Level 10.0(9.7) Fighting
 + Level 10.1(9.8) Dodging
 - Level 2.1(1.9) Stealth
 + Level 7.4(7.1) Spellcasting
 * Level 9.6(9.3) Conjurations
 - Level 2.1(1.9) Air Magic
 + Level 9.0(8.8) Poison Magic


You had 11 spell levels left.
You knew the following spells:

 Your Spells              Type           Power        Failure   Level  Hunger
a - Iskenderun's Mystic   Conj           ######..     1%          4    ###....
b - Poisonous Vapours     Pois/Air       ####..       1%          2    None
c - Mephitic Cloud        Conj/Pois/Air  #####...     1%          3    None
d - Olgreb's Toxic Radia  Pois           ######..     1%          4    ###....
e - Sting                 Conj/Pois      ####         1%          1    None


Dungeon Overview and Level Annotations

Branches:
Dungeon (13/15)            Temple (0/1) D:7            Lair (0/6) D:8
    Orc (0/2) D:12
 Vaults: D:13-14

Altars:
Cheibriados
Elyvilon
Gozag
Hepliaklqana
Vehumet
Yredelemnul

Shops:
D:5 =


Message History

Confirm with . or Enter, or press ? or * to list all spells.
Aiming: Iskenderun's Mystic Blast
Press: ? - help, Shift-Dir - straight line, f - wight
Aim: a wight, wielding an enchanted dagger and wearing a robe (heavily damaged)
The orb of energy hits the wight.
You destroy the wight!
Vehumet accepts your kill.
You feel your power returning.
A wight comes into view. It is wielding a hand axe.
Casting: Iskenderun's Mystic Blast
Confirm with . or Enter, or press ? or * to list all spells.
Aiming: Iskenderun's Mystic Blast
Press: ? - help, Shift-Dir - straight line, f - wight
Aim: a wight, wielding a great sword, wearing a robe and carrying a wand of disintegration (?/24) {zapped: 1} The orb of energy hits the wight.
The wight is severely damaged.
The wight hits you with a great sword!
* * * LOW HITPOINT WARNING * * *
The wight zaps a wand.
You are blasted!
You die...

#######. ###### #.......
.....# #..... .....#
#####..#
.....##########.@zzZ.#
................###..###...
....<############ #........
.....# #.y...... .....#
#........ .....# #..###...
###.## #..# .. #. #..# . ..
#...


You could see 2 wights and a bullfrog zombie.

Vanquished Creatures
  Erolcha (D:12)
  A hydra (D:9)
  4 two-headed ogres
  Nergalle (D:12)
  Pikel (D:5)
  2 cyclopes (D:12)
  2 gargoyles
  A kobold demonologist (D:12)
  A troll (D:10)
  A hornet (D:12)
  A meliai zombie (D:11)
  A hippogriff (D:9)
  Sigmund (D:4)
  4 yaks (D:9)
  A wyvern (D:10)
  2 vampire mosquitoes (D:13)
  Grum (D:10)
  A water moccasin (D:7)
  A black bear (D:9)
  4 ice beasts
  2 sky beasts
  2 slaves (D:4)
  A hornet zombie (D:12)
  10 orc warriors
  2 ogres
  4 wolves (D:10)
  A big kobold (D:12)
  An elf zombie (Ossuary)
  6 bullfrogs
  A gnoll sergeant (D:9)
  5 scorpions
  15 killer bees
  14 wights
  3 electric eels (D:12)
  2 howler monkeys (D:8)
  9 crimson imps
  A bullfrog zombie (D:9)
  4 centaur zombies
  A centaur skeleton (D:9)
  5 jellies
  10 orc priests
  A human zombie (Ossuary)
  7 hounds
  15 orc wizards
  2 bullfrog skeletons
  2 iguanas
  6 worker ants
  2 big kobold zombies (Ossuary)
  A hound zombie (Ossuary)
  A hound skeleton (D:10)
  3 mummies (Ossuary)
  A worker ant zombie (D:8)
  12 gnolls
  18 adders
  4 shadow imps
  6 oozes
  An adder zombie (Ossuary)
  3 worms
  3 dart slugs
  4 leopard geckos
  76 orcs
  2 ball pythons
  3 giant cockroaches
  19 goblins
  17 hobgoblins
  17 jackals
  16 kobolds
  3 quokkas
  6 bats
  10 frilled lizards
  2 gnoll zombies (Ossuary)
  7 goblin zombies
  8 hobgoblin zombies (Ossuary)
  A jackal skeleton (D:9)
  3 jackal zombies (Ossuary)
  3 kobold zombies (Ossuary)
  2 leopard gecko zombies
  An orc zombie (Ossuary)
  7 quokka zombies
  7 rats
  A rat zombie (D:8)
434 creatures vanquished.

Vanquished Creatures (others)
  A slave (D:5)
  An ogre (D:5)
  A scorpion (D:5)
  An orc wizard (D:12)
  An orc (D:12)
5 creatures vanquished.

Grand Total: 439 creatures vanquished

Notes
Turn   | Place    | Note
-------+----------+-------------------------------------------
     0 | D:1      | Zwobot the Merfolk Venom Mage began the quest for the Orb.
     0 | D:1      | Reached XP level 1. HP: 13/13 MP: 3/3
   223 | D:1      | Reached skill level 1 in Conjurations
   313 | D:1      | Reached XP level 2. HP: 19/19 MP: 0/5
   354 | D:1      | Learned a level 2 spell: Poisonous Vapours
   387 | D:1      | Found a snail-covered altar of Cheibriados.
   779 | D:1      | Reached XP level 3. HP: 24/24 MP: 1/6
   784 | D:1      | Learned a level 3 spell: Mephitic Cloud
  1183 | D:2      | Found an opulent altar of Gozag.
  1327 | D:2      | Reached XP level 4. HP: 30/30 MP: 3/7
  1772 | D:2      | Found a white marble altar of Elyvilon.
  2005 | D:3      | Noticed a phantom
  2066 | D:3      | Reached XP level 5. HP: 23/35 MP: 4/8
  3389 | D:4      | Reached skill level 1 in Air Magic
  3395 | D:4      | Reached XP level 6. HP: 41/41 MP: 2/9
  4028 | D:4      | Noticed Sigmund
  4041 | D:4      | Killed Sigmund
  4041 | D:4      | Reached skill level 5 in Poison Magic
  4041 | D:4      | Reached XP level 7. HP: 46/46 MP: 4/10
  4232 | D:5      | Entered Level 5 of the Dungeon
  4288 | D:5      | Noticed Pikel
  4340 | D:5      | Found Cumyob's Jewellery Emporium.
  4610 | D:4      | Reached skill level 5 in Conjurations
  4717 | D:5      | Killed Pikel
  4717 | D:5      | Reached XP level 8. HP: 44/52 MP: 0/11
  5304 | D:6      | Reached skill level 1 in Fighting
  6368 | D:6      | Reached XP level 9. HP: 61/64 MP: 13/13
  6948 | D:6      | Learned a level 4 spell: Olgreb's Toxic Radiance
  6968 | D:7      | Reached skill level 5 in Dodging
  7144 | D:7      | Found a hazy altar of Hepliaklqana.
  7219 | D:7      | Reached skill level 5 in Fighting
  7509 | D:7      | Learned a level 4 spell: Iskenderun's Mystic Blast
  7657 | D:7      | Found a staircase to the Ecumenical Temple.
  7684 | D:7      | Found a radiant altar of Vehumet.
  7699 | D:7      | Became a worshipper of Vehumet
  7879 | D:8      | Found a staircase to the Lair.
  8031 | D:8      | Found a basalt altar of Yredelemnul.
  8078 | D:8      | Noticed a two-headed ogre
  8095 | D:8      | Killed a two-headed ogre
  8095 | D:8      | Reached skill level 5 in Spellcasting
  8095 | D:8      | Reached XP level 10. HP: 76/80 MP: 4/17
  8226 | D:8      | Reached * piety under Vehumet
  8226 | D:8      | Offered knowledge of Flame Tongue by Vehumet.
  8262 | D:8      | Found a sand-covered staircase.
  8270 | Ossuary  | Entered an ossuary
  8502 | Ossuary  | Reached ** piety under Vehumet
  8516 | Ossuary  | Offered knowledge of Freeze by Vehumet.
  8959 | D:9      | Found an opulent altar of Gozag.
  9098 | D:9      | Offered knowledge of Throw Frost by Vehumet.
  9429 | D:9      | Noticed a four-headed hydra
  9438 | D:9      | Reached *** piety under Vehumet
 10134 | D:10     | Entered Level 10 of the Dungeon
 10194 | D:9      | Killed a four-headed hydra
 10194 | D:9      | Reached XP level 11. HP: 53/87 MP: 5/20
 10555 | D:9      | Offered knowledge of Stone Arrow by Vehumet.
 11334 | D:10     | Noticed Grum
 11348 | D:10     | Killed Grum
 11348 | D:10     | Reached **** piety under Vehumet
 11781 | D:10     | Noticed a two-headed ogre
 11874 | D:10     | Offered knowledge of Throw Icicle by Vehumet.
 11880 | D:10     | Killed a two-headed ogre
 12505 | D:11     | Noticed a two-headed ogre
 12521 | D:11     | Killed a two-headed ogre
 13132 | D:12     | Noticed Nergalle
 13160 | D:12     | Killed Nergalle
 13219 | D:12     | Reached ***** piety under Vehumet
 13258 | D:12     | Offered knowledge of Conjure Ball Lightning by Vehumet.
 13331 | D:12     | Noticed Erolcha
 13350 | D:12     | Killed Erolcha
 13350 | D:12     | Reached XP level 12. HP: 63/97 MP: 14/22
 13563 | D:12     | Noticed a two-headed ogre
 13581 | D:12     | Killed a two-headed ogre
 13858 | D:12     | Reached skill level 10 in Dodging
 14052 | D:12     | Found a staircase to the Orcish Mines.
 14429 | D:12     | Upgraded the game from 0.20-a0-463-g5747544 to 0.20-a0-464-g526fb3c
 14487 | D:13     | Reached skill level 10 in Fighting
 14514 | D:13     | Blown up by a wight

Vault maps used:
D:1:      scummos_arrival_checkerplants, cheibriados_altar_1
D:2:      overflow_temple_1_default, lemuel_round_altar, first_bread
D:3:      kennysheep_generic_room_7
D:4:      uniq_sigmund
D:5:      serial_shops, nicolae_shop_crystal, uniq_pikel
D:6:      corexii_shantytown
D:7:      kennysheep_little_box, vehumet_altar_wand_db
D:8:      lemuel_crystal_altar, enter_ossuary_4
D:9:      hangedman_little_slice_of_home, hangedman_decor_growths,
          lemuel_statue_altar
D:10:     uniq_grum
D:12:     erik_orc_2, uniq_erolcha, uniq_nergalle
D:13:     kennysheep_boxes
Ossuary:  minmay_ossuary_two_tombs

Skill      XL: |  1  2  3  4  5  6  7  8  9 10 11 12 |
---------------+-------------------------------------+-----
Conjurations   | 1 2 3 4 6 7 9 |  9.6
Poison Magic   | 4 5 6 7 8 9 |  9.0
Air Magic      | 1 2 |  2.1
Fighting       | 3 7 8 9 10 | 10.0
Dodging        | 4 6 8 9 10 | 10.1
Spellcasting   | 5 6 7 |  7.4
Stealth        | |  2.1

Action                   |  1- 3 |  4- 6 |  7- 9 | 10-12 || total
-------------------------+-------+-------+-------+-------++-------
Melee: Short sword       |    47 |       |       |       ||    47
       Spear             |     9 |    98 |       |    42 ||   149
       Dagger            |       |    42 |   285 |   531 ||   858
 Cast: Sting             |    31 |    18 |    18 |     3 ||    70
       Poisonous Vapours |     9 |    42 |    47 |    36 ||   134
       Mephitic Cloud    |       |     1 |    17 |    23 ||    41
       Olgreb's Toxic Ra |       |       |    18 |    49 ||    67
       Iskenderun's Myst |       |       |     3 |    53 ||    56
Evoke: Wand              |       |       |     6 |     5 ||    11
  Use: Scroll            |       |     5 |     8 |     7 ||    20
       Potion            |       |       |     4 |     2 ||     6
 Stab: Sleeping          |     2 |    10 |     8 |     6 ||    26
       Confused          |       |     1 |     3 |     7 ||    11
       Distracted        |       |       |       |     1 ||     1
  Eat: Chunk             |     3 |    11 |    20 |    22 ||    56
       Fruit             |       |       |     1 |     2 ||     3
       Pizza             |       |       |       |     1 ||     1
       Royal jelly       |       |       |       |     1 ||     1
       Bread ration      |       |       |       |     1 ||     1
Armor: Robe              |    15 |    44 |    45 |   106 ||   210
Dodge: Dodged            |    59 |    90 |   207 |   457 ||   813
